[Event "44th Chess Olympiad Women 2022"]
[Site "Chennai"]
[Date "2022.08.01"]
[Round "4.10"]
[White "Arribas Robaina, Maritza"]
[Black "Johansson, Viktoria"]
[Result "1-0"]
[WhiteElo "2239"]
[BlackElo "2041"]
[Annotator "NA RC"]
[PlyCount "73"]
[EventDate "2022.??.??"]
[TimeControl "60"]

1. e4 c5 2. Nc3 Nc6 3. Bb5 g6 4. Bxc6 dxc6 5. f4 Bg7 6. d3 Nf6 7. Nf3 O-O 8. O-O Qc7 9. Qe1 Bg4 10. Ne5 Rad8 11. Be3 b6 12. Qh4 Bc8 13. Rae1 Nh5 14. Nc4 Nf6 15. f5 b5 16. Nd2 c4 17. dxc4 bxc4 18. Rf3 h5 19. Nxc4 Ng4 20. Bf4 Qd7 21. h3 Qd4+ 22. Ne3 Nxe3 23. Bxe3 Qb4 24. Bg5 f6 25. Bc1 Bxf5 26. Qg3 Be6 27. Qxg6 Bf7 28. Qg3 Kh7 29. Qf4 e5 30. Qh4 Kg8 31. a3 Qb6+ 32. Kh1 Bg6 33.
Ne2 Kf7 34. Ng3 Rh8 35. Nf5 Bxf5 36. Rxf5 Rh6 37. Bxh6 1-0

[Event "44th Chess Olympiad Women 2022"]
[Site "Chennai"]
[Date "2022.08.01"]
[Round "4.10"]
[White "Ordaz Valdes, Lisandra Teresa"]
[Black "Cramling, Pia"]
[Result "1/2-1/2"]
[WhiteElo "2367"]
[BlackElo "2459"]
[Annotator "TA"]
[PlyCount "190"]
[EventDate "2022.??.??"]
[TimeControl "60"]

1. d4 Nf6 2. Nc3 d5 3. Bf4 c6 4. e3 Bf5 5. Nf3 e6 6. Bd3 Bxd3 7. Qxd3 Nbd7 8. O-O Be7 9.
e4 Nb6 10. a4 O-O 11. Rfd1 Re8 12. h3 h6 13. Ne5 Nfd7 14. Qg3 Bh4 15. Qg4 Nxe5 16. dxe5 Bg5 17. Bg3 Qc7 18. b3 Rad8 19. h4 Be7 20. Bf4 Bf8 (20... Nd7 $5 ) 21. Qg3 Kh8 22. a5 Nc8 23. a6 b5 24. Qf3 Nb6 25. Ne2 dxe4 26. Qxe4 Nd5 27. Bg3 Nb4 28. Rd4 Rxd4 29. Nxd4 Rd8 (29... Bc5 $17
30. Ne2 Rd8) 30. c3 $11 Nd5 31. c4 bxc4 32. bxc4 Nb4 33. Nc2 Nxc2 34. Qxc2 Qb6 35. Qa2 Qd4 36. Rb1 Bc5 37. Rb7 Qe4 (
37... Kg8 $17 {Strongly threatening ...g5.} 38. Qb1 g6) 38. Kh2 $11 Kg8 39. Qb3 Rd2 40.
Rb8+ (40. Qf3 $1 $11 Qxf3 41. gxf3) 40... Kh7 $15 41. Qb1 ({White should play} 41. Qf3 $1 $15 Qxf3 42. gxf3
) 41... Qxb1 $17 42. Rxb1 Kg6 ({But not} 42... Bxf2 $6 43. Bxf2 Rxf2 44. Rb7 $11) 43. Rb7 Ra2 $1 44. h5+ Kxh5 45. Rxf7 Kg6 (45... Rxa6 $2 46. Rxg7 Ra4 47. f3 $18 (
47. Rc7 Rxc4 48. Rxc6 a5 $11)) 46. Rd7 Rxa6 47. Kh3 (47. Rc7 $17) 47... Ra3 48. Kh2 (48. f3 $17 {was the only chance.}) 48... h5 (
48... Ra4 $19 49. Rc7 Rxc4 50. Rxc6 Kf5) 49. Rc7 $17 Ra6 50. Kh3 (50. f3 $17) 50... Rb6 $1 $19 51. Rxa7 Rb1 (51... Rb3 $19 {
has better winning chances.} 52. Ra2 Kf5) 52. Ra2 (52. Rd7 $17
) 52... Rh1+ (52... Kf5 $19 {...g5 is the strong threat.} 53.
Bh2 Rc1) 53. Bh2 $17 Bd4 54. Ra6 Bxf2 (54... Bxe5 $5 55. g3 c5 56. Rxe6+ Kf5 $17) 55. g3
$2 (55. g4 $1 $15) 55... Bd4 $19 56. Rxc6 Kf5 57. Rc7 Bxe5 58. Rf7+ Bf6 59. Ra7 Rc1 60. Ra5+ e5 61. Ra2 Rxc4 62. Re2 $2 (62. Rf2+ Ke6
63. Bg1) 62... g5 $19 63. Rf2+ Ke6 64. Ra2 Rc3 65. Kg2 g4 66. Bg1 Rd3 67. Bf2 Bg5 68. Ra6+ Kf5 69. Ra4 Rf3 70. Rb4 (
70. Ra2 $142) 70... Bd2 $19 71. Rb2 Bc3 72. Re2 Bd4 73. Be1 e4 74. Ra2 Rb3 (
74... e3 $142 75. Ra4 Ke5 76. Ra5+ Ke4) 75. Ra4 $19 Be5 76. Kf1 Rb2 (76... Bxg3 $142
77. Bxg3 Rxg3 78. Ra5+ Kg6 79. Ra6+ Kg5 80. Ra5+ Kh4) 77. Ra5 $19 Rc2 78. Bf2 Ke6 79.
Ra6+ $2 (79. Be3) 79... Bd6 $19 80. Ra5 h4 (80... Rc3 $142 {Threatens to win with ...
e3.} 81. Rxh5 e3) 81. gxh4 $19 g3 $1 82. Be3
{[%emt 0:01:11] [#]} Rh2 $2 (82... Rc3 $1 $19 83. Bg1 Bf4) 83. h5 $11 Be5 84. h6 Rh1+ 85. Kg2 Rh2+ 86. Kf1 Kf6 87. Rb5 Rh1+ 88. Kg2 Rh2+ 89. Kf1 Bf4 $2 (89... Ba1 $11) 90. Bxf4 $18 Rf2+ 91. Kg1 Rxf4 {[%emt 0:00:03] [#]
} 92. h7 $2 ({Only move:} 92. Rh5 $1 $18 {h7 would kill now.}
Kg6 93. h7 Kxh5 94. h8=Q+ Kg4 95. Qd4) 92... Rh4 93. Kg2 Rxh7 94. Kxg3 Re7 95. Kf2 Re5 1/2-1/2

[Event "44th Chess Olympiad Women 2022"]
[Site "Chennai"]
[Date "2022.08.01"]
[Round "4.11"]
[White "Abrahamyan, Tatev"]
[Black "Nguyen, Thu Giang"]
[Result "1-0"]
[WhiteElo "2291"]
[BlackElo "2119"]
[Annotator "RC"]
[PlyCount "111"]
[EventDate "2022.??.??"]
[TimeControl "60"]

1. e4 c6 2. Nf3 d5 3. d3 Qc7 4. Nc3 dxe4 5. dxe4 e5 6. Bc4 h6 7. O-O b5 8. Bb3 Bc5 9. Ne2 Nf6 10. Ng3 O-O 11. h3 a5 12. a3 Ba6 13.
Nh4 Nbd7 14. Qf3 Rfd8 15. Ngf5 Bf8 16. Bxh6 Nc5 17. Bg5 Ncxe4 18. Bxf6 Nxf6 19. Nh6+ gxh6 20. Qxf6 Bg7 21.
Qg6 Rd5 22. Bxd5 cxd5 23. Qg4 Bc8 24. Nf5 Bxf5 25. Qxf5 Ra6 26. Qd3 Qc6 27. Rad1 d4 28. Rfe1 Rb6 29. c3 Qc4 30. cxd4 Qxd3 31. Rxd3 exd4 32. Re8+ Kh7 33. Re7 Kg8 34. Rc7 Be5 35. Rc5 Bf6 36.
Kf1 a4 37. Rc8+ Kh7 38. Rc7 Kg7 39. Rg3+ Kf8 40. Rf3 Kg7 41. Ke2 Rd6 42. Rb7 Rd5 43. Kd3 Rc5 44. g4 Re5 45. Rf5 Re1 46.
Rbxb5 Rd1+ 47. Kc2 Re1 48. Rb7 Re6 49. Kd3 Rc6 50. h4 Kg6 51.
h5+ Kg7 52. f4 Re6 53. g5 Re3+ 54. Kc4 hxg5 55. fxg5 Be5 56. Rbxf7+ 1-0

[Event "44th Chess Olympiad Women 2022"]
[Site "Chennai"]
[Date "2022.08.01"]
[Round "4.11"]
[White "Richards, Heather S"]
[Black "Zatonskih, Anna"]
[Result "1/2-1/2"]
[WhiteElo "2146"]
[BlackElo "2383"]
[Annotator "TA"]
[PlyCount "62"]
[EventDate "2022.??.??"]
[TimeControl "60"]

1. d4 Nf6 2. Nc3 d5 3. Bf4 e6 4. Nb5 Bb4+ 5. c3 Ba5 6. e3 {[%emt 0:00:48] D00:1 d4 d5: Unusual lines.} O-O 7. Bd3 {[%emt 0:09:24] [#]} Nbd7 $146 ({
Predecessor:} 7... c6 8. Na3 Nbd7 9. g4 Bc7 10. g5 Ne4 11. Bxc7 Qxc7 12. Bxe4
dxe4 13. Ne2 e5 {0-1 (37) Alekseenko,K (2638)-Predke,A (2622) St Petersburg
2018}) 8. g4 (8. b4 $11 a6 9. Na3) 8... a6 $15 9. Na3 Qe7 10. g5 $1 Ne8 11. Nf3 {[%emt 0:02:57] Prevents e5.} (11. Qh5 g6 12. Qh4 e5
13. Bxe5 Nxe5 14. dxe5 Qxe5 $15) 11... c5 12. Qc2 g6 13. h4 {[%emt 0:01:06][%cal Yh2h4,Yh4h5] next h5 is
good for White.} c4 14. Be2 b5 15. h5 b4 {[%emt 0:00:22] [#]} (15... Ng7 $14) 16. Nb1 {
[%emt 0:00:50] White is more active.} ({Better is} 16. Qa4 $1 $16) 16... e5 17. dxe5 (17. Nxe5 $16 Nxe5 18. Bxe5) 17...
Nc5 18. Nd4 {[%emt 0:04:06] Inhibits Bf5.} Bd7 19. f3 ({White should play} 19. Kf1 $16) 19... Ng7 $36 {
[%emt 0:02:20] Black has good play.} 20. cxb4 Bxb4+ 21. Nc3 Bf5 (21... Bxc3+ $15 22. Qxc3
Nxh5) 22. Qd2 ({White should try} 22. Nxf5 $16 Nxf5 23. O-O-O
Bxc3 24. Qxc3) 22... Qd7 (22... Qb7 $15) 23. Kf2 (23. Nxf5 $14 Qxf5 24. hxg6 (24. Qxd5 Nd3+ 25. Bxd3 cxd3 $11)) 23... Bd3 24. Kg3 (24. hxg6 $15 fxg6 25. a3 Bxc3 26.
bxc3 (26. Qxc3 Bxe2 27. Nxe2 Nge6 $17)) 24... Nxh5+ (24...
Rab8 {is more complex.} 25. hxg6 fxg6 26. Rad1 Ba5) 25. Rxh5 gxh5 26. Bxd3 {[%emt 0:00:09] [#]} Nxd3 ({
Of course not} 26... cxd3 27. Rh1 $11) (26... h4+ $1 $17 27. Kxh4 Nxd3) 27. Rh1
$11 Rae8 ({Much worse is} 27... Bxc3 28. Qxc3
Qe8 29. b3 $15) 28. Qh2 Bxc3 29.
bxc3 Nxe5 {[%emt 0:01:28] And now ...f6 would win.} 30. Qxh5 f5 31. gxf6 {[%emt 0:01:
30] The board is on fire.} Ng6 {[%emt 0:00:24] Weighted Error Value: White=0.
35/Black=0.29 (precise)} 1/2-1/2

[Event "44th Chess Olympiad Women 2022"]
[Site "Chennai"]
[Date "2022.08.01"]
[Round "4.11"]
[White "Ryjanova, Julia"]
[Black "Tokhirjonova, Gulrukhbegim"]
[Result "1/2-1/2"]
[WhiteElo "2284"]
[BlackElo "2329"]
[Annotator "TA"]
[PlyCount "67"]
[EventDate "2022.??.??"]
[TimeControl "60"]

1. d4 Nf6 2. c4 g6 3. g3 Bg7
4. Bg2 d5 5. cxd5 Nxd5 6. e4 Nb6 7. Ne2 O-O 8. O-O Nc6 9. d5 Ne5 10. Nbc3 c6 11. Bf4 cxd5 12. exd5 Nec4 13. b3 Nd6 $1 14. Rc1
{[#] D72: Fianchetto Grünfeld: 5 cxd5 Nxd5 6 e4 Nb6 (without Nf3).} a6 $146 ({
Predecessor:} 14... Bd7 15. Qd2 Rc8 16. Rfe1 Re8 17. Nd4 Nf5 18. Ndb5 a6 19.
Na3 Nd4 20. Be5 Nf5 21. Bxg7 Kxg7 {1-0 (84) Seliverstov,V (2462)-Meissner, F 
(2381) Chess.com INT 2022}) 15. Qd2 Bd7 16. Rfe1 {White is better.} Rc8 17. Nd4
Re8 18. h3 h5 19. Bg5 Nf5 20. Nce2 Rxc1 21. Rxc1 Be5 22. Nxf5 {White is more
active.} Bxf5 23. Nd4 Bc8 24. Ne2 (24. Nf3 $14 Bg7 25. Rd1) 24... Qd6 (24...
Bf5 $11) 25. Be3 $14 Nd7 26. Nc3 (26. Nd4 $14 {feels stronger.}) 26... Qb4 $11
27. Ne4 Qxd2 {The position is equal.}
28. Nxd2 b5 29. Nf3 Bd6 30. Nd4 Nf6 31. Nc6 Bd7 32. Bd4 Rc8 33. Bb2 Kf8 34. h4
{Weighted Error Value: White=0.13 (very precise) /Black=0.12 (very precise)}
1/2-1/2

[Event "44th Chess Olympiad Women 2022"]
[Site "Chennai"]
[Date "2022.08.01"]
[Round "4.11"]
[White "Yip, Carissa"]
[Black "Zhang, Jilin"]
[Result "1-0"]
[WhiteElo "2416"]
[BlackElo "2212"]
[Annotator "TA"]
[PlyCount "204"]
[EventDate "2022.??.??"]
[TimeControl "60"]

1. e4 c5 2. Nf3 d6 3. d4 cxd4 4. Nxd4 Nf6 5. Nc3 e5 6. Bb5+ Nbd7 7. Nf5 a6 8. Bxd7+ Qxd7 9. Bg5 Nxe4 10. Nxg7+ Bxg7 11. Nxe4 O-O 12. Qxd6 f6 {[%emt 0:01:30] B56: Classical Sicilian: Unusual Lines.} 13.
Bd2 f5 14. Qxd7 Bxd7 {
[%emt 0:00:06] White is slightly better.} 15. Nc5 Bc6 {[%emt 0:01:31] [#]} 16. Bc3 $146 ({Predecessor:} 16.
Ne6 Rf7 17. O-O-O Bf6 18. f4 Re8 19. fxe5 Bxe5 20. Ng5 Rg7 21. Rhf1 f4 22. Nf3
{0-1 (52) Rodriguez Cespedes,A (2505)-Nijboer,F (2475) Amsterdam 1989}) 16...
Kf7 {[%emt 0:06:26] Prevents Ne6.} (16... Bxg2 17. Rg1 Bf3 18. Ne6 $16) 17.
O-O-O Rad8 (17... Bxg2 $2 18.
Rd7+ Ke8 19. Rg1 $18 (19. Rxg7 Bxh1 20. Ne6 Rf6 $16)) 18. f3 (
18. Nd3 {looks sharper.} Bxg2 19. Rhg1 Be4 20. Bxe5 Bh6+ 21. Bf4) 18... Rxd1+ 19. Rxd1 {[%emt 0:00:07][%cal Yc5b7] aiming for Nxb7!} Re8 20. Re1 Bh6+ 21. Bd2 Bf8 22. Nb3 (22. Nd3 $5 ) 22... Bd6 23. Be3 Bc7 24. c4 Kf6 25. Bd2 Bb6 26. Ba5 Bf2 27.
Rf1 Be3+ 28. Bd2 Bb6 29. Bc3 f4 30. Re1 Kf5 31. c5 Ba7 32.
Na5 Bxc5 33. Nxc6 bxc6 $11 {
[%emt 0:00:18] Endgame KRB-KRB} 34. Re4 Be3+ 35. Kc2 c5 36. g3 fxg3 37. hxg3 Bd4 38. g4+ Kg5 $1 39. Bxd4 cxd4 {[%emt 0:00:04] KR-KR} 40. Kd3 Kh4 41.
f4 Kxg4 42. fxe5+ Kf5 43. Kxd4 Rd8+ $1 ({But not} 
43... Rb8 44. Re2 $16) 44. Ke3 Re8 $2 (44...
Rb8 $11 {and Black is okay.}) 45. Rf4+ $18 Kg5 46. Ke4 h5 47. Rf1 h4 48. Rg1+ Kh5 49. Kd5 {
[%emt 0:00:00] Black must now prevent e6.} Rd8+ 50. Kc6 {
[%emt 0:00:00] White wants to mate with e6.} Rd2 51. e6 $2 ({Only move:} 51. Re1 $1 $18 {e6 would kill now.} Rc2+ 52. Kd7
Rd2+ 53. Kc8 Rc2+ 54. Kd8 Rd2+ 55. Kc8 Rc2+ 56. Kd7 Rd2+ 57. Kc7 Rc2+ 58. Kd6
Rd2+ 59. Kc5 Rc2+ 60. Kd6 (60. Kd4 Rd2+ 61. Kc5 Rc2+ 62. Kd6 Rd2+ 63. Kc5 $16)
60... Rd2+ 61. Kc5 Rc2+ 62. Kd4 Rd2+ 63. Kc4 (63. Kc3 Rd8 $16) 63... Rc2+ 64.
Kd4 Rd2+ 65. Kc5 (65. Kc3 Rd8 $16)) 51... Rc2+ 52. Kd7 Rd2+ 53. Kc7 Rc2+ 54. Kd6 {[%emt 0:00:00] White threatens Rd1 and mate.} Rd2+ 55. Ke5 Re2+ $1 56. Kf6 Rf2+ 57. Kg7 Re2 {[%emt 0:00:00]
Against Re1} 58. Kf7 {[%emt 0:00:00] Threatens to win with Rf1.} Rf2+ (58... h3 $2 59. e7 Rf2+ 60. Ke8 $18) 59. Ke8 {[%emt 0:00:00] Hoping
for Re1.} Rxb2 (59... Re2 $2 60. e7 $18) 60. Ra1 {[%emt 0:00:
00] Strongly threatening e7.} h3 (60... Re2
$2 61. e7 $18) 61. e7 {[%emt 0:00:00] Re1 is the strong threat.} h2 $1 62. Rf1 {[%emt 0:00:00] Intending Kf7 and mate.} Rxa2 $2 {
[%emt 0:01:49] White now steadily converts the win.} (62... Kg4 $11) 63. Kf7 Re2 {[%emt 0:00:21] [#]} 64. Rh1 $1 Kg4 {
[%emt 0:02:24] [#]} 65. Rxh2 $3 {[%emt 0:00:00] Promotion} Rxh2 66. e8=Q {[%emt 0:00:00] KQ-KR} Rf2+ 67. Kg6 Rf4 68. Qc8+ Kf3 69. Qxa6
{[%emt 0:00:02] Threatening mate with Qd3+.} Kg4 70. Qe6+ {
[%emt 0:00:30] White mates.} Kf3 71. Kg5 Re4 72. Qh3+ Ke2 73. Kf5 Re3 74. Qg2+ Kd3 75. Kf4 Re2 76. Qd5+ Kc3 77. Kf3 Rd2 78. Qe5+ Kc4 79. Ke3 Rd5 80. Qb2 Kc5 81. Ke4 Rd7 82. Qa3+ Kc6 83. Ke5 Kb5 84. Qc3 Kb6 85. Qb4+ Kc6 86. Ke6 Rc7 87. Qa4+ Kc5 88. Qa5+ Kc6 89. Qd5+ Kb6 90. Kd6 Rb7 91. Qc6+ Ka7 92. Kc5 Rb8 93. Qc7+ Ka8 94. Qa5+ Kb7 95. Kd6 Rc8 96. Kd7 Rb8 97. Qe5 Ka7 98. Kc7 Rb7+ 99. Kc6 Rb6+
{[%emt 0:00:16] [#]} 100. Kc5 $1 Rb7 101.
Qa1+ Kb8 102. Qa5 Rc7+ {
[%emt 0:01:52] Weighted Error Value: White=0.11 (very precise) /Black=0.14 
(very precise)} 1-0

[Event "44th Chess Olympiad Women 2022"]
[Site "Chennai"]
[Date "2022.08.01"]
[Round "4.12"]
[White "Mirza, Diana"]
[Black "Gaboyan, Susanna"]
[Result "0-1"]
[WhiteElo "1898"]
[BlackElo "2270"]
[Annotator "NA RC"]
[PlyCount "114"]
[EventDate "2022.??.??"]
[TimeControl "60"]

1. e4 c5 2. Nf3 Nc6 3. d4 cxd4 4. Nxd4 Nf6 5. Nc3 e5 6.
Ndb5 d6 7. Nd5 Nxd5 8. exd5 Ne7 9. c4 Ng6 10. Qa4 Bd7 11.
Qb4 Qb8 12. h4 h5 13. Be2 a6 14. Nc3 Be7 15. g3 f5 16. Be3 e4 17. Bd4 Kf7 18. c5 a5 19. Qa3 dxc5 20. Bxc5 b5 21. d6 Bf6 22. Qb3+ Be6 23.
Qxb5 Rc8 24. Na4 Qxb5 25. Bxb5 Rab8 26. Be2 Rxb2 27. Nxb2 Rxc5 28. Rd1 Nf8 29. Na4 Rc2 30. Nb6 Rxa2 31. d7 Bd8 32. Nc4 Rxe2+ 33. Kxe2 Bxc4+ 34. Kd2 Nxd7 35. Kc3 Bd3 36.
Kb2 Nb6 37. Rc1 Bf6+ 38. Ka3 Be7+ 39. Kb2 a4 40. Rc7 Nc4+ 41. Kc3 Nd6 42. Kb2 a3+ 43. Kb3 Nb5 44. Rb7 Nd4+ 45. Kc3 Nc6 46. Ra1 Ke6 47. Rxe7+ Nxe7 48. Rxa3 f4 49. Ra5 fxg3 50. fxg3 Nf5 51. Kd2 Kf6 52. Ke1 Nxg3 53. Rg5 Nf5 54. Rxh5 e3 55. Rh8 Nd4 56. Re8 Nf3+ 57. Kd1 e2+ 0-1

[Event "44th Chess Olympiad Women 2022"]
[Site "Chennai"]
[Date "2022.08.01"]
[Round "4.12"]
[White "Mkrtchian, Lilit"]
[Black "Kanyamarala, Trisha"]
[Result "1-0"]
[WhiteElo "2362"]
[BlackElo "2270"]
[Annotator "TA"]
[PlyCount "119"]
[EventDate "2022.??.??"]
[TimeControl "60"]

1. d4 Nf6 2. Nf3 d5 3. g3 c5 4. Bg2 cxd4 5. O-O h6 6. b3 {
[%emt 0:00:10] D02:1 d4 d5 2 Nf3 sidelines, including 2...Nf6 3 g3 and 2...
Nf6 3 Bf4.} e6 7. Bb2 Bc5 8. Nxd4 {[%emt 0:00:40] The position is equal.} O-O 9. c4 e5 10. Nf3 e4 11. Nd4 Re8 12. cxd5 Nxd5 {[%emt 0:01:26] [#]} 13. Nc3 $146 ({
Predecessor:} 13. e3 Nd7 14. Nc3 Nxc3 15. Bxc3 Bf8 16. Nb5 Nc5 17. Qxd8 Rxd8
18. Bd4 Bd7 19. Nc3 {½-½ (40) Coleman,P (2610)-Mcdermott,F (2331) ICCF email
2021}) 13... Nf6 (13... Nxc3 $1 $11 14. Bxc3 Bg4) 14. Na4 $14 Be7 15. Rc1 Bg4 16. h3 $36 {[%emt 0:02:37] White has the initiative.} Bd7 17. Nc5 Bxc5 18. Rxc5 Na6 19. Rc1 Rc8 20. Nc2 Rc6 (20... Bb5 $14) 21. Ne3 $16 Rxc1 22. Qxc1 {[%emt 0:00:20] aiming for Rd1.} Qe7 23. Rd1 {[%emt 0:01:58] Black must now prevent Bxf6.} Be6 24.
Bxf6 Qxf6 25. Bxe4 Bxh3 26. Bxb7 {[%emt 0:02:31] Hoping for Nd5.} Nb4 27. Qd2 Qb6 28. Bf3 Be6 29. Nc4 Qb8 (29... Qc5 $16 {
is a better defense.} 30. a3 Na6) 30. a3 $18 Na6 31. Na5 Nc5 32. b4 Nb3
{[%emt 0:02:05] [#]} 33. Nxb3 Bxb3 34. Rc1 Rd8 35. Qc3 Rd1+ (35... Be6 {was called for.} 36. Qe3 a6) 36. Rxd1 Bxd1 {
[%emt 0:00:06] Endgame KQB-KQB} 37. Qc6 Qd8 $2 (37... Bb3 38. Be4 g6 39. Bxg6 fxg6) 38. Kf1 (38. a4 $142)
38... Bb3 39. Qa8 Qxa8 40.
Bxa8 {[%emt 0:00:04] KB-KB} Kf8 (40... f6 $142 41. f4 g5) 41.
f4 Ke7 42. Kf2 Kd6 43. Bf3 g5 44. fxg5 hxg5 45. Ke3 ({Better is} 45. e3 $18) 45...
Ke5 $16 46. Kd3 {[%emt 0:00:14] e3 is the strong threat.} f5 47. Bg2 (47. Bc6 $16) 47... Be6 $2 (47... f4 $11) 48. e3 $18 Bf7 49. Kc3
$2 (49. a4 Bb3 50. a5) 49... Be6 $2 (49... f4
50. gxf4+ gxf4 51. exf4+ Kxf4) 50. a4 Bf7 51. b5 {[%emt 0:00:28] Threatens to win with a5.} Be6 52. a5 {[%emt 0:00:48] White mates.} Bc8 53.
b6 axb6 54. axb6 f4 55. exf4+ gxf4 56. g4 f3 57. Bxf3 Kf4 {[%emt 0:00:11] [#]} 58. Kd4 $1 Kxf3 (58... Ba6 59. Kc5) 59. g5 Kf4 60. g6 {
[%emt 0:00:04] Weighted Error Value: White=0.20 (precise) /Black=0.31} 1-0

[Event "44th Chess Olympiad Women 2022"]
[Site "Chennai"]
[Date "2022.08.01"]
[Round "4.12"]
[White "Mkrtchyan, Mariam"]
[Black "Putar, Lara"]
[Result "1-0"]
[WhiteElo "2285"]
[BlackElo "1969"]
[Annotator "RC"]
[PlyCount "115"]
[EventDate "2022.??.??"]
[TimeControl "60"]

1. d4 Nf6 2. c4 g6 3. g3 c6 4. Bg2 d5 5. Nf3 Bg7 6. cxd5 cxd5 7. Nc3 O-O 8.
Ne5 Bf5 9. O-O Ne4 10. Qb3 Nc6 11. Nxc6 bxc6 12. Be3 Nd6 13. Na4 e5 14. dxe5 Bxe5 15. Qd1 Nb5 16. Rc1 Rc8 17. Qd2 Qf6 18. Bg5 Qd6 19. Nc5 Rfe8 20. Rfe1 f6 21. Be3 g5 22. a4 Nc7 23. Nb7 Qd7 24. Nc5 Qe7 25.
b4 Kg7 26. Bd4 Bxd4 27. Qxd4 Qe5 28. Qd2 Ne6 29. Nb3 Be4 30. Bh3 Bf5 31. Bf1 h5 32. Na5 Nd4 33. Rc3 Be4 34. Rd1 c5 35. Rxc5 Rxc5 36. bxc5 Ne6 37. c6 h4 38. f3 hxg3 39. fxe4 gxh2+ 40. Kh1 Qg3 41. Bg2 Nf4 42. e3 Nh5 43. Qxd5 Rh8 44. Qd7+ Kf8 45. Qc8+ Kg7 46. Qd7+ Kf8 47. Qh3 g4 48. Qxh2 Qf2 49. Qd6+ Kg7 50. Qd7+ Kf8 51. Qc8+ Kg7 52. Qxg4+ Kh6 53. c7 Qc2 54. Rd8 Qc1+ 55. Qd1 Ng3+ 56. Kh2 Kg5+ 57. Rxh8 Qxd1 58. c8=Q 1-0

[Event "44th Chess Olympiad Women 2022"]
[Site "Chennai"]
[Date "2022.08.01"]
[Round "4.12"]
[White "O`Gorman, Alice"]
[Black "Sargsyan, Anna M."]
[Result "0-1"]
[WhiteElo "2043"]
[BlackElo "2378"]
[Annotator "TA"]
[PlyCount "54"]
[EventDate "2022.??.??"]
[TimeControl "60"]

1. c4 e5 2. Nc3 Nf6 3. g3 Bb4 4. e4 O-O 5. Bg2 Bxc3 6. dxc3 d6 {[%emt 0:00:11] [#]} 7. Bd2 $146 {[%emt 0:02:56] A22: English
Opening: 1...e5 2 Nc3 Nf6.} ({Predecessor:} 7. Qc2 a5 8. a4 Nc6 9. Nf3 h6 10.
Nh4 Be6 11. b3 Nd7 12. O-O Nc5 13. Be3 b6 14. Rad1 Re8 {½-½ (59) Le,Q (2708)
-Van Foreest,J (2621) Douglas 2019}) 7... b6 8. Qe2 Bb7 9. O-O-O {[%emt 0:00:32] The position is equal.}
Nbd7 10. g4 Nc5 11. f3 b5 12. Be3 {[%emt 0:00:
00] Black must now prevent Bxc5.} Nfd7 $36 {[%emt 0:00:21] Black is more
active.} 13. cxb5 a6 14. b6 a5 15. bxc7 (15. Qd2 $11 {remains equal.}
Nxb6 16. Bxc5 dxc5 17. Qxd8 Rfxd8 18. Rxd8+ Rxd8 19. Ne2) 15... Qxc7 $17 16. Qd2 Ra6 {[%emt 0:00:06] Threatens to win
with ...Rb8. Black has strong compensation. Black is more active.} 17. Ne2 (17. h4 $17) 17... Rb8 (17... Rb6 $1 $19 {
has better winning chances.} 18. Bf1 Rb8) 18. Qe1 $2 {[%emt 0:07:56] Loses the
game.} (18. c4 $17) 18... Rb6 $19 19. Kb1 Ba6 20. Bc1 Qb7 21.
Rd2 Nd3 (21... Bd3+ $142 22. Ka1 a4 23. Qd1 {
[#]} Nb3+ $1 24. Qxb3 axb3 25. a3 Bc2 26. Nf4 exf4 27. Bf1 Ra8 28. Rd4 Ne5 29.
Be2 Qc6 30. h4 Rb7 31. Rb4 Rxb4 32. g5 Rba4 33. Bc4 Qxc4 34. Bd2 Rxa3+ $1 35.
bxa3 Rxa3+ 36. Kb2 Ra2+ 37. Kc1 Nd3#) 22. Qg1 {[%emt 0:03:09] Black is clearly
winning.} Nxb2 {[%emt 0:00:21] Hoping for ...Na4+. Pair of Knights!} 23. Qxb6 Nxb6 24. Rxb2 Bxe2 25. Rxe2 Na4+ 26. Kc2 Qb1+ 27. Kd2 Rc8 {[%emt 0:00:11] Weighted
Error Value: White=1.37/Black=0.82} 0-1

[Event "44th Chess Olympiad Women 2022"]
[Site "Chennai"]
[Date "2022.08.01"]
[Round "4.13"]
[White "Garcia Martin, Marta"]
[Black "Guillen Cristobal, Sandra N"]
[Result "1-0"]
[WhiteElo "2305"]
[BlackElo "1962"]
[Annotator "TA"]
[PlyCount "95"]
[EventDate "2022.??.??"]
[TimeControl "60"]

1. d4 f5 2. Nc3 Nf6 3. Bf4 g6 4. e3 Bg7 5. h4 d6 6. Bc4 {[%emt 0:03:16][%cal Yh4h5] [#] A80: Dutch Defence: Unusual
White second moves.} Nc6 $146 ({Predecessor:} 6... h6 7. Qf3
e6 8. Qg3 Kf7 9. O-O-O Nc6 10. Nh3 a6 11. e4 fxe4 12. f3 Nh5 {1-0 (69) Johnson,
B (2525)-Firnhaber,I (2478) GER email 2018}) 7. h5 e5 (7... e6 $14) 8. dxe5 $16 {[%emt 0:14:28] White is more active.
White is better.} Nxe5 9. Bb3 gxh5 {[%emt 0:
17:04] [#]} 10. Nge2 $1 Qe7 11. Bg5 {[%emt 0:
15:13] aiming for Nd5.} c6 {[%emt 0:02:21] Inhibits Nd5.} 12. Nf4 Bd7 (12... Ng6 $16) 13. Nxh5 $18 O-O-O 14. Qd4 b6 15. O-O-O Be8 16. Nxg7 Qxg7 17. Qh4 ({Weaker is} 17. f4 Neg4 18. e4 Bf7 19. exf5
d5 $16) 17... Rf8 18. Bh6 {[%emt 0:01:01] This bishop pair is
nice.} Qe7 19. Bxf8 Qxf8 20.
Be6+ Bd7 21. Bxd7+ Rxd7 22. Qf4 Ne8 23. Rh5 Rf7 24. Rdh1 Nc7 25.
Rxh7 {[%emt 0:01:15] [#] Strongly threatening Rh8.} Kb7 26.
Rxf7 Qxf7 27. e4 Qc4 28. Qd2 {[%emt 0:05:10] Inhibits Nd5.} Nb5 29. Nxb5 Qxb5 30. exf5 {
[%emt 0:00:49] Endgame KQR-KQN} Nc4 31. Qc3 Qc5 32. Kb1 b5 33. f6 {
[%emt 0:00:32] Threatens to win with f7.} Qxf2 34. b3 Nd2+ 35. Kc1 Ne4 36. Qd3 ({Less strong is} 36. Rh7+ Kb6 37. Qd3 Qf4+ 38.
Kb1 Nxf6 $18) 36... Qf4+ 37. Kb1 Nd2+ (37... Nxf6 $142 38. Rf1 Qe5) 38. Kb2 Qxf6+ 39. Qc3 Qf2 (39... Ne4 $18
40. Qxf6 Nxf6) 40. Rh7+ Kb6 41. Qg7 Ka5 42. Qxa7+ Qxa7 43. Rg7 $4 (43. Rxa7+ $18 Kb6 44. Rg7)
43... Qb7 $4 44. Rxb7 {[%emt 0:00:00] White is clearly winning.} Kb4 45. Re7 {[%emt 0:00:00] Hoping for g4.} d5 46. g4 {
[%emt 0:00:00] White wants to mate with g5.} Nf3 47. Rf7 Ng5 48. Rf5 {[%emt 0:00:00] Quite a comeback
for White. Weighted Error Value: White=0.06 (flawless) /Black=0.36} 1-0